Map: Rhoskallian LE

Players

Massa

  • Race: Terran Terran
  • League: Platinum
  • Spawn Location: 11:00

qqq

  • Race: Zerg Zerg
  • Spawn Location: 12:00

gallipoli - Winner!

  • Race: Zerg Zerg
  • League: Diamond
  • Spawn Location: 5:00

Quezacoalt - Winner!

  • Race: Protoss Protoss
  • League: Master
  • Spawn Location: 6:00

VOD

Have the link to the VOD?

Description

Time

  • Played on: Feb. 12, 2021, 11:38 a.m.
  • Length: 23:21
Show
View Real Time Build Order
Export as new Build Order

Massa Terran 

Build Orders:  

Get SALT Encoding   

  12  0:00  SCV  
  13  0:12  SCV  
  14  0:22  Supply Depot  
  14  0:24  SCV  
  15  0:43  SCV  
  15  0:45  Barracks  
  15  0:47  Refinery  
  16  0:55  SCV  
  17  1:08  SCV  
  18  1:20  SCV  
  19  1:32  SCV  
  20  1:44  Barracks Reactor  
  20  1:49  Command Center  
  20  1:50  Orbital Command  
  20  2:10  Supply Depot  
  20  2:17  Factory  
  20  2:20  Marine x2  
  23  2:22  SCV  
  23  2:38  Marine x2  
  23  2:40  SCV  
  26  2:53  SCV  
  26  2:56  Marine x2  
  29  3:05  Orbital Command  
  29  3:09  Starport  
  29  3:24  Barracks Tech Lab  
  29  3:25  Hellion x2  
  31  3:47  Hellion x2  
  35  3:54  Refinery, SCV x2  
  37  3:56  Barracks Tech Lab  
  37  3:58  Refinery  
  37  4:06  SCV x2  
  37  4:09  Hellion x2  
  43  4:18  SCV x2  
  45  4:30  SCV x2  
  46  4:40  Hellion  
  46  4:43  Hellion  
  46  4:45  Marine  
  46  4:48  Cloaking Field  
  46  4:51  Supply Depot  
  46  5:00  Supply Depot x2  
  46  5:01  Engineering Bay  
  46  5:11  Marine  
  46  5:12  SCV, Banshee  
  46  5:13  SCV  
  50  5:17  Widow Mine x2  
  54  5:23  Barracks  
  54  5:24  SCV  
  54  5:25  SCV  
  56  5:29  Marine  
  56  5:30  Barracks x2  
  56  5:31  Terran Infantry Weapons Level 1  
  57  5:36  SCV  
  57  5:37  SCV  
  57  5:38  Widow Mine x2  
  63  5:47  Marine  
  64  5:55  Banshee  
  64  5:56  SCV x2  
  69  6:01  Stimpack  
  69  6:05  Marine  
  69  6:07  Supply Depot  
  69  6:08  Missile Turret, Supply Depot  
  69  6:09  Supply Depot  
  70  6:12  Missile Turret  
  70  6:24  Barracks Reactor, Barracks Tech Lab  
  70  6:28  Marine  
  70  6:29  Widow Mine x2, SCV x2  
  70  6:30  Marauder  
  79  6:34  Supply Depot  
  79  6:46  Marine  
  76  6:52  Marauder  
  70  6:58  Marauder  
  70  7:00  Widow Mine  
  70  7:01  Widow Mine  
  72  7:04  Marine  
  73  7:13  Marauder  
  75  7:19  Marauder  
  75  7:22  Widow Mine x2, Marine  
  78  7:34  Marine  
  79  7:58  Marauder x2  
  83  7:59  Barracks Tech Lab, Marine x2  
  83  8:02  Concussive Shells  
  83  8:05  Combat Shield  
  85  8:07  Terran Infantry Armor Level 1  
  85  8:10  Refinery  
  85  8:16  Armory, Marine  
  85  8:19  Marauder x2, Engineering Bay  
  90  8:22  Marauder, Marine  
  90  8:27  Medivac  
  95  8:31  Command Center  
  95  8:34  Marine  
  95  8:40  Marauder, Marine  
  95  8:41  Marauder  
  97  8:44  Marauder  
  99  8:52  Marine  
  100  9:02  Marauder  
  102  9:16  Terran Vehicle Weapons Level 1, Supply Depot x2  
  102  9:19  Supply Depot  
  102  9:37  Banshee, Marine  
  102  9:38  SCV x2, Marauder x3  
  114  9:50  SCV x2  
  116  9:59  Marauder  
  122  10:00  Marauder x2  
  122  10:09  Marine x2  
  122  10:12  Planetary Fortress  
  120  10:15  SCV x2  
  120  10:20  Medivac  
  120  10:21  Marauder x3  
  130  10:27  SCV x2, Marine  
  133  10:34  Terran Infantry Armor Level 2  
  133  10:39  SCV x2  
  133  10:42  Marauder  
  137  10:50  Medivac  
  137  10:51  SCV  
  132  11:20  Medivac  
  120  11:45  Marine x5  
  69  12:02  Marine  
  69  12:03  Marauder, Marine x2  
  69  12:04  Marauder  
  74  12:15  SCV  
  74  12:16  SCV x2  
  74  12:18  Command Center  
  74  12:19  Factory  
  74  12:20  Marine  
  74  12:21  Factory Tech Lab  
  74  12:22  Marauder  
  80  12:23  Barracks x2  
  80  12:24  Missile Turret  
  80  12:26  Missile Turret x2  
  80  12:28  SCV x2  
  80  12:37  Marine  
  80  12:38  Marine x3  
  80  12:42  Marine  
  85  12:47  Terran Infantry Weapons Level 2, Missile Turret  
  85  12:48  Missile Turret  
  85  12:49  Missile Turret x2  
  85  12:54  Thor  
  85  12:55  Marine  
  85  12:56  Marine x2  
  94  13:01  Marauder  
  96  13:14  Marauder  
  96  13:15  Marauder, Marine x3  
  96  13:18  Starport Reactor  
  103  13:22  Marauder  
  103  13:24  Terran Vehicle And Ship Armor Level 1  
  105  13:32  Refinery  
  105  13:33  Marine x2  
  108  13:34  Refinery  
  108  13:35  Marauder  
  108  13:36  Marauder  
  112  13:44  Barracks Reactor, Marauder  
  113  13:51  Marine x2, Missile Turret x2  
  115  13:57  Marauder, Marine  
  115  14:02  Planetary Fortress  
  116  14:04  Marine  
  116  14:08  Marine  
  118  14:11  SCV x3  
  121  14:22  Medivac x2  
  121  14:23  SCV x3, Marine x2  
  134  14:24  Marauder x2, Missile Turret  
  134  14:25  Marine x3  
  134  14:30  Missile Turret  
  137  14:35  SCV x2  
  136  14:45  Missile Turret  
  116  14:49  Missile Turret  
  116  14:52  Medivac x2  
  120  14:59  Marauder x4, Marine  
  101  15:03  Widow Mine x2  
  101  15:05  Thor  
  107  15:10  Marine x3  
  110  15:17  Marine  
  110  15:20  Marauder  
  110  15:21  Marauder x3  
  119  15:22  Medivac x2  
  119  15:25  Widow Mine x2, SCV x3  
  119  15:28  Marine x3  
  131  15:33  Command Center  
  131  15:35  Marine  
  134  15:42  Marauder x2, Marine x2  
  139  15:45  Marine  
  139  15:46  Widow Mine, Marine x2  
  139  15:48  Thor  
  145  15:53  Marine  
  142  16:04  Supply Depot x2  
  142  16:08  Marine x2  
  142  16:09  Marine x3  
  142  16:10  Marauder, Viking  
  140  16:13  Viking  
  137  16:24  Marine x2  
  133  16:26  Widow Mine, Marauder x2, Marine  
  133  16:27  Widow Mine, Marauder, Marine, Supply Depot  
  133  16:28  Supply Depot  
  133  16:31  Marauder, Thor  
  140  16:40  Viking  
  140  16:42  Marine x2  
  140  16:43  Viking  
  140  16:44  Marine  
  140  16:45  Marine  
  140  16:46  Planetary Fortress  
  145  16:47  Marine  
  145  16:48  Marauder, Marine  
  145  16:51  Missile Turret, Supply Depot  
  145  16:52  Marine  
  145  16:53  SCV, Supply Depot  
  151  16:59  Marine  
  152  17:24  Marauder x2  
  152  17:25  Marauder x2, Marine x4  
  164  17:31  Terran Infantry Weapons Level 3, Terran Infantry Armor Level 3  
  164  17:43  Marine x3  
  167  17:46  Marauder  
  167  17:47  Missile Turret  
  167  17:49  Missile Turret  
  167  17:50  SCV  
  167  17:51  SCV x3  
  173  18:01  Medivac x2  
  173  18:03  SCV x3  
  174  18:19  Refinery x2  
  173  18:31  Medivac x2  
  173  18:32  Thor  
  173  18:33  Widow Mine x2  
  187  18:44  Terran Vehicle Weapons Level 2  
  148  19:03  Marauder x3  
  148  19:04  Marauder, Marine x3  
  159  19:15  Thor  
  143  19:25  Marauder x3  
  109  19:38  Widow Mine  
  109  19:39  Widow Mine  
  109  19:40  Marauder, Marine x4  
  117  19:45  Marine  
  117  19:46  Marauder, Marine  
  121  19:53  Command Center  
  121  19:55  Medivac x2  
  121  19:57  Marine  
  121  19:58  Marine x2, Thor  
  136  20:00  Widow Mine x2  
  136  20:05  Drilling Claws  
  137  20:21  Widow Mine  
  137  20:26  Marauder x2  
  137  20:27  Marauder x2, Marine x4  
  149  20:40  Thor  
  155  20:44  Marine x2  
  155  20:48  Marauder  
  155  21:05  Marauder x3, Marine  
  155  21:06  Marine x3  
  155  21:09  Marauder  
  162  21:23  Marine x4  
  162  21:24  Smart Servos  
  138  21:28  Marauder  
  138  21:29  Marauder x2  
  138  21:30  Marauder  
  116  21:41  Marine x4, Planetary Fortress  
  116  21:44  SCV x4  
  124  21:50  Marauder x3  
  130  22:09  Marauder, Marine x4  
  130  22:11  Marauder, Marine x2, Medivac x2  
  130  22:14  Widow Mine x3  
  140  22:35  Widow Mine  
  135  22:41  Medivac  
  118  22:57  Marauder x3, Marine  
  118  22:58  Marauder  
Show
View Real Time Build Order
Export as new Build Order

qqq Zerg 

Build Orders: Hatch First 

Get SALT Encoding   

  12  0:00  Drone  
  13  0:08  Drone  
  14  0:18  Overlord  
  14  0:45  Hatchery  
  14  0:50  Drone  
  14  0:53  Drone  
  15  1:14  Drone  
  15  1:15  Spawning Pool  
  15  1:17  Extractor  
  14  1:21  Drone  
  15  1:29  Drone x2  
  17  1:51  Drone x2  
  19  2:02  Drone  
  19  2:03  Extractor  
  19  2:04  Queen  
  21  2:10  Queen  
  23  2:15  Drone  
  23  2:20  Drone  
  23  2:21  Drone  
  27  2:26  Overlord  
  27  2:35  Drone  
  28  2:39  Overlord  
  28  2:50  Zergling x4  
  30  2:52  Drone x2  
  30  2:57  Zergling x2  
  32  3:03  Drone, Baneling Nest  
  32  3:04  Drone  
  33  3:11  Lair  
  33  3:13  Zergling x2  
  33  3:14  Zergling x2  
  35  3:21  Overlord  
  35  3:23  Zergling x2  
  36  3:27  Metabolic Boost  
  36  3:29  Zergling x2  
  36  3:31  Zergling x2  
  38  3:34  Zergling x2  
  38  3:38  Zergling x2  
  38  3:39  Zergling x2  
  41  3:42  Zergling x2  
  41  3:43  Zergling x2  
  43  3:48  Zergling x2  
  43  3:53  Zergling x2, Overlord  
  45  3:58  Drone  
  46  4:03  Baneling x4  
  46  4:08  Baneling  
  46  4:09  Zergling x2  
  48  4:10  Zergling x2  
  48  4:11  Zergling x2  
  48  4:12  Zergling x2  
  50  4:19  Zergling x2  
  50  4:21  Zergling x6  
  54  4:28  Zergling x6  
  57  4:44  Zergling x2  
  57  4:45  Zergling x4  
  59  4:57  Overlord x4  
  59  5:10  Overlord  
  59  5:19  Hatchery, Zergling x4  
  51  5:41  Zergling x4  
  51  5:42  Zergling x4  
  49  5:43  Zergling x10  
  54  5:51  Infestation Pit  
  54  5:52  Drone x2  
  54  5:53  Evolution Chamber  
  54  5:54  Evolution Chamber  
  54  5:55  Extractor  
  54  5:57  Drone  
  53  6:03  Drone x2  
  54  6:20  Zergling x2  
  54  6:22  Zergling x4  
  53  6:31  Zergling x6  
  53  6:32  Drone x5  
  56  6:48  Zergling x2  
  56  6:52  Zergling x6  
  56  6:53  Zergling x6  
  56  6:54  Zergling x2  
  50  7:01  Hive  
  50  7:09  Zergling x4  
  50  7:11  Zerg Melee Weapons Level 1  
  50  7:12  Zerg Ground Armor Level 1  
  50  7:13  Drone x2  
  50  7:15  Drone  
  52  7:23  Drone, Zergling x2  
  52  7:24  Drone x2  
  52  7:29  Queen  
  58  7:33  Drone x2  
  58  7:35  Drone  
  61  7:37  Drone  
  62  7:52  Zergling x2  
  62  7:53  Drone, Zergling x4  
  62  7:54  Drone x3  
  69  8:03  Drone  
  69  8:04  Drone x3  
  72  8:06  Extractor  
  72  8:07  Extractor  
  70  8:15  Spore Crawler  
  70  8:17  Ultralisk Cavern  
  68  8:33  Drone x3  
  71  8:35  Overlord  
  71  8:36  Overlord  
  71  8:39  Hatchery  
  69  8:53  Zergling x8  
  69  8:54  Zergling x14  
  69  8:55  Drone x2  
  82  9:12  Ultralisk x2  
  82  9:13  Drone  
  82  9:15  Anabolic Synthesis  
  95  9:20  Drone  
  96  9:28  Zerg Melee Weapons Level 2  
  96  9:33  Zergling x2, Overlord x3  
  96  9:34  Zergling x4  
  96  9:35  Drone  
  100  9:49  Zerg Ground Armor Level 2  
  100  9:53  Extractor  
  100  9:54  Extractor  
  100  9:58  Drone x3, Chitinous Plating  
  101  10:03  Drone x2  
  103  10:08  Spine Crawler  
  103  10:10  Hatchery, Spine Crawler  
  103  10:12  Spine Crawler  
  99  10:20  Hatchery  
  98  10:24  Baneling x3  
  98  10:25  Baneling x3  
  98  10:26  Drone x2  
  100  10:38  Ultralisk  
  106  10:43  Drone x2  
  106  10:45  Ultralisk  
  111  10:54  Drone  
  111  10:56  Zergling x6  
  115  11:00  Baneling x3  
  115  11:01  Baneling x2  
  115  11:04  Zergling x6  
  116  11:16  Drone x2  
  116  11:29  Ultralisk x2  
  116  11:30  Zergling x8  
  116  11:31  Drone  
  113  11:46  Zergling x4  
  104  11:47  Drone x2  
  104  11:48  Drone x2  
  104  11:50  Drone x2  
  104  11:51  Drone  
  101  11:56  Hydralisk Den, Zerg Melee Weapons Level 3  
  101  11:57  Zergling x4  
  90  12:11  Drone x3  
  90  12:12  Drone x2  
  90  12:14  Spore Crawler x2  
  93  12:15  Spore Crawler  
  93  12:17  Spore Crawler x2  
  93  12:20  Spore Crawler  
  93  12:21  Spore Crawler  
  93  12:22  Drone x3  
  91  12:23  Spore Crawler  
  91  12:24  Spore Crawler  
  89  12:30  Spore Crawler  
  89  12:32  Spore Crawler  
  89  12:33  Hydralisk x6, Spore Crawler  
  89  12:34  Hydralisk  
  100  12:37  Muscular Augments  
  100  12:38  Drone  
  101  12:47  Drone x2  
  101  12:48  Drone x3  
  101  12:50  Spore Crawler  
  101  12:51  Spine Crawler  
  104  12:53  Hydralisk  
  106  12:59  Drone x2, Extractor x2  
  106  13:06  Ultralisk  
  106  13:07  Hydralisk  
  114  13:25  Hatchery  
  114  13:26  Drone x2  
  115  13:30  Drone, Hydralisk  
  115  13:31  Hydralisk, Spore Crawler  
  115  13:33  Zergling x6  
  122  13:39  Infestor x3  
  128  13:45  Spore Crawler  
  128  13:46  Spore Crawler  
  128  13:47  Extractor x2  
  124  13:48  Drone, Grooved Spines  
  124  13:52  Drone x2  
  127  14:02  Hydralisk  
  129  14:04  Ultralisk, Overlord  
  129  14:06  Drone  
  129  14:08  Extractor  
  135  14:22  Ultralisk x2  
  135  14:23  Zergling x2  
  125  14:38  Zergling x10, Ultralisk  
  107  14:39  Zergling x2  
  107  14:40  Drone  
  107  14:45  Drone x3  
  110  15:04  Drone x3  
  109  15:08  Hydralisk  
  109  15:09  Hydralisk x7  
  119  15:15  Drone x2  
  119  15:19  Zerg Ground Armor Level 3  
  121  15:27  Spore Crawler  
  106  15:29  Drone x3  
  106  15:32  Ultralisk  
  108  15:41  Ultralisk  
  110  15:57  Hydralisk x3  
  110  15:58  Hydralisk x2  
  114  16:09  Ultralisk  
  114  16:10  Zergling x2  
  94  16:27  Hydralisk x2  
  94  16:31  Hatchery  
  83  16:43  Infestor x2  
  83  16:45  Zergling x10  
  83  16:46  Zergling x2  
  92  16:58  Hatchery  
  91  17:10  Hydralisk  
  91  17:11  Hydralisk  
  91  17:15  Ultralisk  
  101  17:19  Zerg Missile Weapons Level 1  
  101  17:28  Zergling x4  
  101  17:29  Hydralisk  
  105  17:31  Infestor  
  105  17:33  Zergling x4  
  109  17:42  Spore Crawler  
  108  17:47  Spore Crawler  
  108  17:49  Spore Crawler x2  
  104  18:02  Spore Crawler  
  104  18:03  Spore Crawler  
  102  18:06  Drone x3, Spore Crawler  
  102  18:10  Hydralisk x2  
  108  18:18  Drone x2, Spore Crawler  
  109  18:30  Drone x2  
  109  18:31  Drone x2  
  113  18:39  Hydralisk  
  115  18:45  Ultralisk  
  72  19:22  Hydralisk x5, Ultralisk x2  
  88  19:30  Drone x4  
  90  19:37  Infestor  
  92  19:40  Infestor  
  94  19:46  Pathogen Glands  
  94  19:48  Zerg Missile Weapons Level 2  
  94  19:57  Spore Crawler x2  
  92  20:00  Spore Crawler  
  92  20:01  Drone x2  
  92  20:05  Spore Crawler  
  92  20:09  Spore Crawler  
  91  20:14  Infestor  
  93  20:24  Ultralisk  
  93  20:26  Drone  
  93  20:27  Drone  
  101  20:31  Drone x2  
  101  21:03  Drone, Ultralisk x3  
  120  21:09  Drone x3  
  123  21:13  Spine Crawler  
  80  21:48  Hydralisk x5  
  71  22:11  Zergling x2, Ultralisk x2  
  71  22:12  Zergling x12  
  78  22:24  Zergling x6  
  81  23:02  Hatchery  
Show
View Real Time Build Order
Export as new Build Order

gallipoli Zerg - Winner!

Build Orders: Hatch First 

Get SALT Encoding   

  12  0:03  Drone  
  13  0:08  Drone  
  14  0:17  Overlord  
  14  0:38  Drone  
  14  0:39  Drone x2  
  17  0:59  Drone, Hatchery  
  17  1:05  Drone  
  18  1:13  Extractor  
  17  1:20  Spawning Pool  
  16  1:27  Drone  
  16  1:28  Drone  
  18  1:33  Drone  
  19  1:51  Overlord  
  19  2:07  Zergling x4  
  21  2:09  Queen  
  21  2:11  Queen  
  21  2:14  Drone  
  26  2:16  Drone  
  27  2:29  Zergling x4  
  29  2:34  Metabolic Boost  
  29  2:40  Drone x2  
  31  2:54  Hatchery  
  31  2:56  Baneling Nest  
  29  3:06  Drone  
  29  3:07  Drone x2  
  29  3:09  Drone  
  29  3:12  Drone  
  34  3:14  Drone  
  35  3:33  Drone  
  35  3:43  Overlord x2  
  35  3:56  Overlord x2  
  35  4:03  Drone x4  
  35  4:04  Drone x2  
  35  4:06  Zergling x6  
  35  4:08  Baneling x7  
  44  4:11  Drone  
  44  4:16  Drone  
  46  4:17  Drone  
  46  4:19  Drone  
  48  4:26  Zergling x2  
  48  4:30  Zergling x4  
  51  4:40  Zergling x4  
  51  4:41  Zergling x2  
  53  4:52  Zergling x10  
  57  4:59  Zergling x2  
  58  5:01  Zergling x2  
  58  5:06  Evolution Chamber  
  58  5:28  Queen  
  60  5:36  Queen  
  60  5:40  Zergling x2  
  60  5:41  Zergling x2  
  59  5:46  Zerg Melee Weapons Level 1  
  59  5:47  Overlord x3  
  59  5:58  Hatchery  
  58  6:08  Zergling x2  
  58  6:09  Zergling x12  
  61  6:32  Baneling  
  58  6:33  Baneling x7  
  58  6:35  Zergling x2  
  58  6:36  Zergling x2  
  58  6:38  Zergling x12  
  58  6:39  Zergling x2  
  67  6:49  Lair  
  64  6:54  Zergling x2  
  64  6:55  Zergling x8  
  66  7:07  Spore Crawler  
  56  7:25  Drone x3  
  56  7:26  Drone x4  
  63  7:34  Zergling x6  
  63  7:35  Zergling x2  
  67  7:45  Extractor, Drone x3  
  67  7:47  Drone  
  67  7:51  Extractor x2  
  68  8:05  Drone  
  69  8:06  Zergling x2  
  69  8:07  Zergling x10  
  75  8:13  Spore Crawler  
  74  8:20  Drone  
  74  8:21  Drone x6  
  81  8:27  Drone  
  81  8:28  Drone  
  81  8:29  Zerg Ground Armor Level 1  
  81  8:34  Zergling x4  
  85  8:38  Spire  
  78  8:58  Zergling x2  
  78  8:59  Zergling x16  
  82  9:10  Zergling x2  
  82  9:11  Zergling x14  
  89  9:34  Zergling x2  
  89  9:35  Overlord x2  
  90  9:41  Extractor  
  90  9:43  Extractor  
  88  9:52  Zergling x2  
  89  9:53  Zergling x2  
  89  9:54  Zergling x16  
  89  9:57  Overlord  
  95  10:15  Zergling x2  
  95  10:16  Zergling x16  
  78  10:54  Mutalisk x9  
  78  10:55  Mutalisk x4  
  100  11:03  Drone  
  101  11:05  Drone x3  
  101  11:09  Baneling  
  104  11:12  Zergling x4  
  104  11:14  Zerg Melee Weapons Level 2  
  106  11:20  Drone  
  106  11:21  Drone x2  
  96  11:39  Mutalisk  
  82  11:40  Mutalisk x3  
  82  11:42  Zergling x2  
  90  12:06  Overlord x2  
  90  12:07  Overlord  
  89  12:20  Hatchery  
  84  12:49  Mutalisk x11  
  106  13:21  Drone  
  106  13:22  Drone  
  108  13:33  Zerg Flyer Weapons Level 1  
  108  13:47  Hatchery  
  107  13:53  Zergling x14  
  106  14:17  Zergling x12  
  106  14:18  Baneling, Zergling x4  
  106  14:19  Baneling x7  
  106  14:23  Centrifical Hooks  
  114  14:26  Zerg Ground Armor Level 2  
  113  14:42  Zergling x4  
  106  14:54  Mutalisk  
  106  14:55  Mutalisk x3  
  106  14:57  Overlord x3  
  114  15:13  Zergling x2  
  115  15:14  Zergling x10  
  115  15:18  Mutalisk  
  115  15:19  Mutalisk x6  
  119  15:28  Mutalisk  
  119  15:29  Mutalisk  
  121  15:56  Mutalisk  
  123  15:57  Mutalisk x3  
  123  15:58  Drone  
  123  15:59  Drone x11  
  139  16:14  Infestation Pit  
  130  16:44  Mutalisk x3  
  130  16:45  Zergling x2  
  130  16:46  Zergling x22  
  138  16:57  Extractor  
  138  16:58  Extractor  
  136  17:01  Zerg Flyer Weapons Level 2  
  136  17:11  Overlord x2  
  136  17:12  Overlord x6  
  136  17:22  Baneling  
  136  17:23  Baneling x13  
  136  17:24  Baneling  
  136  17:44  Hatchery  
  129  18:05  Mutalisk x4  
  135  18:18  Zergling x24  
  135  18:28  Mutalisk  
  135  18:29  Mutalisk x2  
  135  18:33  Zergling x2  
  140  18:48  Baneling x8  
  140  18:51  Zergling x14  
  140  18:52  Zergling x2  
  131  19:19  Zergling x2  
  131  19:20  Zergling x22  
  140  19:32  Zergling x2  
  140  19:33  Zergling x8  
  145  19:45  Hive  
  138  20:06  Zergling x12  
  138  20:07  Zergling x18  
  150  20:09  Baneling  
  150  20:10  Baneling  
  150  20:11  Baneling x21  
  151  20:57  Hatchery  
  123  21:30  Zergling x16  
  123  21:31  Zergling x24  
  136  21:48  Zergling x16  
  125  22:26  Zergling x2  
  125  22:27  Zergling x32  
  126  22:37  Zergling x2  
  127  22:48  Corruptor  
  127  22:49  Corruptor x5  
Show
View Real Time Build Order
Export as new Build Order

Quezacoalt Protoss - Winner!

Build Orders: Blink Stalkers 

Get SALT Encoding   

  12  0:00  Probe  
  13  0:12  Probe  
  14  0:19  Pylon  
  14  0:24  Probe (Chrono Boost)  
  15  0:37  Probe (Chrono Boost)  
  15  0:41  Gateway  
  16  0:45  Probe (Chrono Boost)  
  17  0:50  Assimilator  
  17  0:52  Probe  
  18  1:04  Probe  
  19  1:16  Probe  
  20  1:33  Probe, Cybernetics Core  
  20  1:45  Probe  
  20  1:56  Nexus  
  20  1:57  Probe  
  21  2:06  Pylon  
  21  2:09  Probe  
  21  2:15  Warp Gate  
  22  2:16  Assimilator  
  22  2:21  Probe  
  22  2:22  Stalker (Chrono Boost)  
  25  2:34  Probe (Chrono Boost)  
  26  2:46  Probe (Chrono Boost)  
  26  2:50  Twilight Council  
  27  2:53  Probe (Chrono Boost)  
  27  2:56  Stalker  
  30  3:01  Probe (Chrono Boost)  
  31  3:10  Probe (Chrono Boost), Pylon  
  33  3:13  Probe (Chrono Boost)  
  34  3:20  Probe (Chrono Boost)  
  34  3:21  Probe (Chrono Boost)  
  34  3:25  Blink (Chrono Boost)  
  34  3:26  Probe x2 (Chrono Boost)  
  37  3:37  Probe  
  37  3:38  Probe  
  39  3:46  Gateway  
  39  3:48  Gateway  
  39  3:49  Probe  
  39  3:50  Probe  
  41  3:57  Pylon  
  41  4:01  Probe  
  42  4:03  Probe  
  42  4:05  Stalker  
  45  4:13  Probe, Pylon  
  45  4:15  Probe  
  47  4:18  Gateway x2  
  47  4:33  Stalker  
  49  4:47  Stalker x2  
  53  4:57  Stalker  
  53  4:59  Probe  
  56  5:00  Pylon  
  56  5:04  Pylon  
  56  5:05  Shield Battery  
  56  5:06  Probe  
  57  5:11  Probe  
  58  5:16  Stalker x4  
  58  5:19  Probe  
  67  5:23  Probe  
  68  5:42  Stalker x5  
  76  5:44  Probe  
  76  5:48  Probe  
  78  6:00  Assimilator  
  78  6:02  Probe x2  
  80  6:07  Nexus  
  80  6:08  Pylon x2  
  80  6:11  Pylon  
  80  6:14  Probe x2  
  80  6:29  Stalker x2  
  80  6:30  Stalker x2  
  80  6:31  Stalker  
  82  6:49  Probe x2  
  82  6:53  Robotics Facility  
  81  6:58  Forge  
  81  6:59  Stalker x2  
  85  7:01  Probe  
  85  7:02  Probe  
  85  7:05  Assimilator  
  86  7:13  Probe  
  86  7:14  Probe  
  85  7:19  Shield Battery  
  85  7:20  Shield Battery  
  78  7:23  Probe  
  78  7:26  Probe x2  
  76  7:31  Photon Cannon  
  76  7:32  Photon Cannon  
  76  7:35  Photon Cannon  
  76  7:36  Probe (Chrono Boost)  
  75  7:38  Probe (Chrono Boost)  
  75  7:40  Observer (Chrono Boost)  
  76  7:44  Probe (Chrono Boost)  
  76  7:50  Probe (Chrono Boost)  
  74  7:55  Probe (Chrono Boost)  
  74  7:56  Probe (Chrono Boost)  
  71  8:04  Probe  
  72  8:07  Probe  
  73  8:16  Probe  
  73  8:19  Probe  
  75  8:30  Nexus  
  75  8:32  Pylon  
  75  8:35  Probe x2  
  76  8:45  Observer, Charge  
  76  8:47  Probe  
  78  8:50  Protoss Ground Weapons Level 1 (Chrono Boost)  
  78  9:03  Probe x2  
  78  9:05  Stalker x4  
  88  9:13  Observer  
  89  9:18  Probe, Robotics Bay  
  89  9:19  Probe  
  91  9:31  Probe x2  
  91  9:50  Probe (Chrono Boost)  
  94  9:52  Probe (Chrono Boost)  
  94  9:53  Probe (Chrono Boost), Assimilator  
  94  10:01  Extended Thermal Lance (Chrono Boost)  
  94  10:02  Probe (Chrono Boost)  
  94  10:09  Colossus (Chrono Boost)  
  100  10:19  Robotics Facility  
  100  10:21  Robotics Facility  
  100  10:26  Zealot x3  
  100  10:27  Zealot x2  
  110  10:32  Protoss Ground Armor Level 1 (Chrono Boost)  
  110  10:33  Probe x3  
  113  10:45  Probe x3  
  113  10:48  Colossus (Chrono Boost)  
  122  10:57  Probe  
  123  11:21  Pylon  
  123  11:25  Pylon  
  123  11:26  Pylon, Zealot  
  123  11:27  Zealot  
  123  11:28  Immortal  
  119  11:37  Zealot x3  
  119  11:39  Immortal  
  91  12:03  Zealot x4  
  91  12:07  Immortal  
  95  12:11  Gateway  
  95  12:13  Gateway  
  95  12:16  Gateway  
  95  12:17  Probe x3  
  95  12:18  Gateway, Colossus  
  104  12:29  Probe x2  
  106  12:31  Nexus  
  106  12:32  Stalker x4  
  106  12:33  Pylon  
  114  12:41  Probe x3  
  117  12:46  Protoss Ground Armor Level 2 (Chrono Boost)  
  117  12:53  Probe x3  
  117  12:57  Immortal  
  124  13:04  Templar Archives  
  124  13:05  Probe x2  
  126  13:06  Assimilator  
  126  13:07  Probe  
  126  13:11  Assimilator  
  127  13:16  Immortal  
  131  13:21  Probe x3  
  134  13:33  Probe  
  135  13:36  Colossus, Pylon  
  135  13:40  Pylon  
  141  13:43  High Templar x2  
  141  13:45  High Templar x2  
  141  13:46  High Templar x2  
  141  13:48  Archon  
  153  13:49  Archon  
  153  13:50  Archon  
  153  13:57  Colossus  
  153  14:00  Zealot x3  
  165  14:06  Assimilator  
  149  14:32  Colossus  
  149  14:34  Nexus  
  149  14:36  Pylon  
  143  14:51  Colossus  
  145  15:05  Probe x3  
  145  15:06  Probe  
  149  15:17  Probe x3  
  151  15:23  Photon Cannon  
  151  15:26  Colossus, Shield Battery  
  151  15:27  Shield Battery  
  151  15:28  Photon Cannon  
  157  15:29  Photon Cannon  
  157  15:30  Shield Battery  
  157  15:33  Photon Cannon, Assimilator  
  157  15:35  Pylon x2  
  156  15:37  Assimilator  
  156  15:44  Colossus  
  157  15:52  High Templar  
  157  15:54  Stalker x5  
  157  15:55  Stalker x2  
  158  16:00  Probe x2  
  158  16:01  Probe x2  
  152  16:16  Probe x4  
  138  16:20  Observer  
  113  16:34  High Templar  
  113  16:35  High Templar x3  
  113  16:38  Colossus  
  113  16:39  Archon x2  
  121  16:40  High Templar  
  121  16:41  High Templar  
  121  16:42  High Templar x3  
  121  16:43  Nexus  
  121  16:44  Archon  
  121  16:45  Pylon  
  121  16:46  Archon x2  
  131  16:50  Colossus  
  131  16:53  Probe x2  
  139  16:54  Probe  
  140  17:07  Zealot x3  
  146  17:09  Psionic Storm  
  146  17:13  Gateway  
  146  17:16  Protoss Ground Weapons Level 2 (Chrono Boost)  
  146  17:28  High Templar x3  
  146  17:29  High Templar, Zealot x3  
  160  17:37  Zealot  
  162  17:48  Photon Cannon  
  162  17:50  Photon Cannon  
  162  18:12  High Templar  
  162  18:13  High Templar x3  
  162  18:14  Zealot x6  
  162  18:17  Archon x2  
  164  19:00  Archon  
  142  19:08  High Templar x4  
  142  19:09  High Templar, Zealot x5  
  126  19:11  Immortal x2  
  122  19:35  High Templar x3  
  122  19:36  High Templar x2  
  132  19:41  High Templar  
  132  19:42  Archon x2  
  132  19:44  Protoss Ground Weapons Level 3 (Chrono Boost)  
  132  19:45  Archon  
  134  19:50  Immortal x2  
  143  19:52  Probe  
  143  19:53  Probe x4  
  143  19:55  Zealot x4  
  155  20:05  Probe  
  150  20:27  Nexus  
  150  20:28  Pylon  
  150  20:29  Disruptor x2  
  150  20:30  Assimilator  
  156  20:35  Assimilator  
  154  20:56  High Templar  
  154  20:57  High Templar x3  
  150  20:58  Zealot x4  
  150  20:59  Zealot x2  
  150  21:01  Archon  
  150  21:02  Archon  
  164  21:04  Disruptor x2  
  147  21:40  Disruptor x2, High Templar x2  
  147  21:41  High Templar x2, Zealot  
  147  21:42  Zealot x5  
  147  21:44  Archon  
  147  21:45  Archon  
  173  21:54  Archon x2  
  165  22:16  Disruptor x2  
  165  22:22  Zealot  
  173  22:23  Zealot x4  
  173  22:24  Zealot x5  
  188  22:30  Gateway  
  188  22:31  Gateway  
  175  22:37  Gateway  
  175  22:40  Gateway  
  175  22:42  Gateway  
  160  22:46  Gateway  
  149  22:51  Probe x3  
  149  22:52  Probe  
  149  22:54  Assimilator  
  149  22:57  Stalker x8  
  149  22:58  Stalker x2  
Tags
 
Add a new tag
Caveats
  • Supply blocks, unpowered buildings, or Contaminate may cause inaccurate times.
  • Supply counts are checked every 10 seconds.